 Dungeon Crawl Stone Soup version 0.21.0 (webtiles) character file.

108 Hekarica the Sneak (level 4, 0/28 HPs)
             Began as an Octopode Venom Mage on May 20, 2018.
             Slain by an adder (3 damage)
             ... on level 4 of the Dungeon.
             The game lasted 00:14:00 (2940 turns).

Hekarica the Sneak (Octopode Venom Mage)            Turns: 2940, Time: 00:14:00

Health: 0/28       AC:  1    Str:  5 (8)  XL:     4   Next: 87%
Magic:  7/7        EV: 13    Int: 16 (17) God:
Gold:   193        SH:  0    Dex:  9 (12) Spells: 4/8 levels left

rFire    . . .     SeeInvis .   h - -2 dagger (curse)
rCold    . . .     Gourm    .   (no shield)
rNeg     . . .     Faith    .   (helmet restricted)
rPois    .         Spirit   .   i - amulet of magic regeneration
rElec    .         Reflect  .   (no ring)
rCorr    .         Harm     .   (no ring)
MR       .....                  (no ring)
Stlth    +++.......             (no ring)
HPRegen  0.09/turn              (no ring)
MPRegen  0.35/turn              (no ring)
                                (no ring)
                                (no ring)

@: flying
A: almost no armour, stealthy swim, amphibious, 8 rings, constrict 8, camouflage
1, gelatinous body 1
a: no special abilities


You were on level 4 of the Dungeon.
You were not hungry.

You visited 1 branch of the dungeon, and saw 4 of its levels.

You collected 193 gold pieces.

Inventory:

Hand Weapons
 h - a cursed -2 dagger (weapon)
 o - a +3 long sword of electrocution
Magical Staves
 n - an uncursed staff of conjuration
Jewellery
 i - an amulet of magic regeneration (around mantle)
Scrolls
 b - 3 scrolls of identify
 c - a scroll of teleportation
 e - a scroll of enchant weapon
 f - 2 scrolls of enchant armour
Books
 a - a Young Poisoner's Handbook

   Spells                             Type                      Level
   a - Sting                          Conjuration/Poison           1
   b - Poisonous Vapours              Poison/Air                   2
   c - Mephitic Cloud                 Conjuration/Poison/Air       3
   d - Olgreb's Toxic Radiance        Poison                       4
   e - Venom Bolt                     Conjuration/Poison           5
 l - a book of Annihilations

   Spells                             Type                      Level
   a - Poison Arrow                   Conjuration/Poison           6
   b - Chain Lightning                Conjuration/Air              8
   c - Lehudib's Crystal Spear        Conjuration/Earth            8
   d - Glaciate                       Conjuration/Ice              9
   e - Fire Storm                     Conjuration/Fire             9
Comestibles
 m - 3 rations


   Skills:
 + Level 1.6 Fighting
 + Level 2.8 Dodging
 + Level 3.8 Stealth
 + Level 1.7 Unarmed Combat
 + Level 2.6 Spellcasting
 - Level 1.0 Conjurations
 - Level 3.6 Poison Magic


You had 4 spell levels left.
You knew the following spells:

 Your Spells              Type           Power        Failure   Level  Hunger
a - Sting                 Conj/Pois      #...         8%          1    #......
b - Mephitic Cloud        Conj/Pois/Air  #.......     30%         3    ###....


Dungeon Overview and Level Annotations

Branches:
Dungeon (4/15)
 Temple: D:4-7

Altars:
Kikubaaqudgha
The Shining One


Innate Abilities, Weirdness & Mutations

You cannot wear most types of armour.
You are very stealthy in the water. (Stealth+)
You are amphibious.
You can wear up to eight rings at the same time.
You can use your tentacles to constrict eight enemies at once.
Your skin changes colour to match your surroundings (Stealth+).
Your rubbery body absorbs attacks. (AC +1, EV +1)


Message History

Casting: Sting
Confirm with . or Enter, or press ? or * to list all spells.
Aiming: Sting
Press: ? - help, Shift-Dir - straight line, f/p - ogre
Aim: an ogre, wielding a giant club The sting hits the ogre.
The ogre appears unharmed.
The ogre hits you with a giant club!!
Ouch! That really hurt!
* * * LOW HITPOINT WARNING * * *
An adder comes into view.
The adder hisses angrily.
It was a potion of degeneration.
There was something very wrong with that liquid.
You feel weakened.
You feel dopey.
You feel clumsy.
It was a potion of flight.
You feel very buoyant.
You fly up into the air.
The ogre barely misses you.
Found a ring mail and 15 gold pieces.
The adder bites you.
You die...

#...........)<+
#............##
#............#
#####........#
#........#
#######..[.....#
#......O.......#
#......S######...
#......@# ...
#.......#
#.......#
#.......#
#.......#
#.......#
#...$.[.#
#.......#


You could see an ogre and an adder.

Vanquished Creatures
  An iguana (D:4)
  3 adders
  A worm (D:2)
  3 leopard geckos (D:1)
  4 giant cockroaches
  6 hobgoblins
  3 jackals (D:1)
  2 kobolds
  2 quokkas
  2 ball pythons (D:1)
  3 bats (D:1)
  3 frilled lizards
  6 goblins
  6 rats
45 creatures vanquished.

Notes
Turn   | Place    | Note
-------+----------+-------------------------------------------
     0 | D:1      | Hekarica the Octopode Venom Mage began the quest for the Orb.
     0 | D:1      | Reached XP level 1. HP: 11/11 MP: 3/3
   384 | D:1      | Reached XP level 2. HP: 18/18 MP: 0/5
   795 | D:1      | Reached XP level 3. HP: 22/22 MP: 6/6
   827 | D:1      | Reached skill level 1 in Fighting
   827 | D:1      | Reached skill level 1 in Unarmed Combat
  1575 | D:2      | Learned a level 3 spell: Mephitic Cloud
  1789 | D:2      | Reached XP level 4. HP: 27/28 MP: 4/7
  1794 | D:2      | Found an ancient bone altar of Kikubaaqudgha.
  2113 | D:3      | Found a glowing golden altar of the Shining One.
  2192 | D:3      | Noticed a phantom
  2928 | D:4      | Noticed an ogre
  2940 | D:4      | Slain by an adder

Skill      XL: |  1  2  3 |
---------------+----------+-----
Stealth        | 3 |  3.8
Fighting       | 1 |  1.6
Unarmed Combat | 1 |  1.7
Dodging        | |  2.8
Spellcasting   | |  2.6
Conjurations   | |  1.0
Poison Magic   | |  3.6

Action                   |  1- 3 |  4- 6 || total
-------------------------+-------+-------++-------
Melee: Unarmed           |    39 |     1 ||    40
       Tentacles         |    11 |     2 ||    13
       Constrict         |    14 |     2 ||    16
       Staff             |       |     5 ||     5
 Cast: Sting             |    57 |    18 ||    75
  Use: Scroll            |       |     6 ||     6
       Potion            |       |     2 ||     2
  Eat: Ration            |     1 |     1 ||     2
       Chunk             |       |     1 ||     1
Armor: Skin              |     4 |       ||     4
Dodge: Dodged            |    23 |     4 ||    27
